 Dungeon Crawl Stone Soup version 0.31-a0-7-g51783674b7 (webtiles) character file.

Game seed: 14766400948651557897

46 voltaire321 the Digger (level 3, -1/23 HPs)
             Began as an Octopode Earth Elementalist on May 5, 2023.
             Slain by a hobgoblin (4 damage)
             ... led by Robin
             ... on level 2 of the Dungeon.
             The game lasted 00:02:43 (1179 turns).

voltaire321 the Digger (OpEE)                       Turns: 1179, Time: 00:02:43

Health: -1/23      AC:  1    Str:  7    XL:     3   Next: 66%
Magic:  0/6        EV: 28    Int: 19    God:
Gold:   44         SH:  0    Dex: 12    Spells: 5/6 levels left

rFire   . . .        g - +0 rapier
rCold   . . .        (no shield)
rNeg    . . .        (helmet restricted)
rPois   .            b - amulet of the acrobat
rElec   .            (no ring)
rCorr   .            (no ring)
SInv    .            (no ring)
Will    .....        (no ring)
Stlth   +++          (no ring)
HPRegen 0.23/turn    (no ring)
MPRegen 0.10/turn    (no ring)
                     (no ring)

%: acrobat
@: acrobatic
A: almost no armour, amphibious, 8 rings, camouflage 1, gelatinous body 1,
(nimble swimmer 1), tentacles
a: no special abilities


You were on level 2 of the Dungeon.
You visited 1 branch of the dungeon, and saw 2 of its levels.

You collected 44 gold pieces.

Inventory:

Hand Weapons
 g - a +0 rapier (weapon)
Jewellery
 b - an amulet of the acrobat (around mantle)
Scrolls
 c - a scroll of poison {unknown}
 d - a scroll of magic mapping {unknown}
Potions
 a - a potion of magic
 e - a potion of brilliance {unknown}
 f - a potion of cancellation {unknown}
 h - a potion of degeneration {unknown}
 i - a potion of curing {unknown}


   Skills:
 + Level 1.2 Fighting
 + Level 2.4 Dodging
 - Level 2.6 Stealth
 + Level 2.3 Spellcasting
 + Level 1.6 Transmutations
 + Level 3.3 Earth Magic


You had 5 spell levels left.
You knew the following spells:

 Your Spells              Type           Power      Damage    Failure   Level
a - Sandblast             Erth           28%        2d8       4%          1

Your spell library contained the following spells:

 Spells                   Type           Power      Damage    Failure   Level
 Passwall                 Tmut/Erth      9%         N/A       9%          2
 Stone Arrow              Conj/Erth      16%        3d8       24%         3
 Petrify                  Tmut/Erth      11%        N/A       50%         4


Dungeon Overview and Level Annotations

Branches:
Dungeon (2/15)

Altars:


Innate Abilities, Weirdness & Mutations

You cannot wear most types of armour.
You are amphibious.
You can wear up to eight rings at the same time.
Your skin changes colour to match your surroundings (Stealth+).
Your rubbery body absorbs attacks. (AC +1, EV +1)
((You are camouflaged when in or above water. (Stealth+)))
You have tentacles for arms and can constrict up to eight enemies at once.


Message History

Robin says, "Duck!"
Robin barely misses you.
Aiming: Sandblast (safe; 4% risk of failure)
Press: ? - help, Q - select action Shift-Dir - straight line, f/p - Robin
Aim: Robin, wielding a +2 mace of draining, wearing a +0 animal skin and wearing a +1 helmet of see invisible (moderately wounded, 87% to hit)
The blast of sand hits Robin.
Robin is severely wounded.
Robin throws the goblin at you! The goblin misses you.
Robin hits you with a +2 mace of draining!
You feel drained.
Aiming: Sandblast (safe; 4% risk of failure)
Press: ? - help, Q - select action Shift-Dir - straight line, f/p - Robin
Aim: Robin, wielding a +2 mace of draining, wearing a +0 animal skin and wearing a +1 helmet of see invisible (severely wounded, 87% to hit)
The blast of sand hits Robin!
You kill Robin!
The goblin closely misses you.
Your life force feels restored.
You closely miss the goblin. Your grab misses the goblin.
The hobgoblin hits you.
* * * LOW HITPOINT WARNING * * *
The goblin hits you with a +0 club.
* * * LOW HITPOINT WARNING * * *
Aiming: Sandblast (safe; 4% risk of failure)
Press: ? - help, Q - select action Shift-Dir - straight line, f - goblin
Aim: a goblin, wielding a +0 club (strong, 77% to hit)
The blast of sand hits the goblin.
You kill the goblin!
The hobgoblin hits you but does no damage.
The hobgoblin closely misses you.
Things that are here:
a +0 club; a goblin corpse The hobgoblin attacks as you move away!
The hobgoblin barely misses you.
Aiming: Sandblast (safe; 4% risk of failure)
Press: ? - help, Q - select action Shift-Dir - straight line, f - hobgoblin
Aim: a hobgoblin (strong, 82% to hit)
The blast of sand hits the hobgoblin!
You kill the hobgoblin!
A hobgoblin comes into view.
The hobgoblin hits you.
You die...

.###. ... #.#
####.#############
.................#
#.#...........##.#
#....##P...#..##.####
##.#.P....†......g..#
#.#.#.....PP.##@##.#
#.#.#...[..#.##.# #
##.#.P......#.##)#
#<.#.PP.....#.##g#
#..#.#....P.# #g#
...#.##P#####
#g).ggg# #.## ..
####g#.# #.# # #.#


You could see 2 hobgoblins and 2 goblins.

Vanquished Creatures
  Robin (D:2)
  A worm (D:2)
  3 bats
  3 endoplasms
  3 hobgoblins
  2 jackals (D:1)
  3 kobolds (D:1)
  2 ball pythons
  A frilled lizard (D:1)
  6 goblins
  5 rats (D:1)
30 creatures vanquished.

Notes
Turn   | Place    | Note
-------+----------+-------------------------------------------
     0 | D:1      | voltaire321 the Octopode Earth Elementalist began the quest
                  | for the Orb.
     0 | D:1      | Reached XP level 1. HP: 11/11 MP: 3/3
   424 | D:1      | Found a faded altar of an unknown god.
   483 | D:1      | Reached XP level 2. HP: 15/18 MP: 5/5
  1079 | D:2      | Reached XP level 3. HP: 22/22 MP: 3/6
  1121 | D:2      | Reached skill level 1 in Fighting
  1164 | D:2      | Noticed Robin
  1173 | D:2      | Killed Robin
  1179 | D:2      | Slain by a hobgoblin

Illustrated notes

Levels and vault maps discovered:
D:1:      roderic_chinese_lattice_arrival, layout_basic,
          hellmonk_ecumenical_altar_crossroads
D:2:      cheibrodos_old_hovel, layout_loops_ring, uniq_robin

Skill      XL: |  1  2  3 |
---------------+----------+-----
Fighting       | 1 |  1.2
Dodging        | |  2.4
Stealth        | |  2.6
Spellcasting   | |  2.3
Transmutations | |  1.6
Earth Magic    | |  3.3

Action                     || total
---------------------------++-------
  Melee: Unarmed           ||     8
         Constrict         ||     7
         Rapier            ||    19
         Tentacles         ||     6
   Cast: Sandblast         ||    28
   Stab: Sleeping          ||     4
 Armour: Skin              ||     1
  Dodge: Dodged            ||    23

Table legend: (Time is in decaauts)
 A = Elapsed time spent in this place.
 B = Non-inter-level travel time spent in this place.
 C = Inter-level travel time spent in this place.
 D = Time resting spent in this place.
 E = Time spent auto-exploring this place.
 F = Levels seen in this place.
 G = Mean time per level.
                   A        B        C        D        E       F      G
               +--------+--------+--------+--------+--------+-----+--------+
         Total |   1195 |   1144 |     51 |     35 |    875 |   2 |  597.5 |
       Dungeon |   1195 |   1144 |     51 |     35 |    875 |   2 |  597.5 |
               +--------+--------+--------+--------+--------+-----+--------+

Top non-repeatable levels by time:
     D:1: 1073 daAuts
     D:2: 122 daAuts
